 Dungeon Crawl Stone Soup version 0.26-a0-712-ga5a9c9c9d0 (webtiles) character file.

Game seed: 12000715852727241270

800 kae the Changer (level 7, 0/57 HPs)
             Began as a Naga Transmuter on Nov 2, 2020.
             Slain by an ufetubus (4 damage)
             ... on level 5 of the Dungeon.
             The game lasted 00:03:59 (6724 turns).

kae the Changer (Naga Transmuter)                   Turns: 6724, Time: 00:03:59

Health: 0/57       AC:  6    Str: 14    XL:     7   Next: 90%
Magic:  10/10      EV: 10    Int: 14    God:
Gold:   358        SH:  0    Dex: 11    Spells: 6/10 levels left

rFire    . . .     SeeInvis +     - Unarmed
rCold    . . .     Faith    .   (no shield)
rNeg     . . .     Spirit   .   a - +0 robe
rPois    +         Reflect  .   (no helmet)
rElec    .         Harm     .   r - +0 cloak
rCorr    +         Rampage  .   e - +1 pair of gloves (curse)
MR       .....                  (no barding)
Stlth    +.........             g - amulet of magic regeneration
HPRegen  0.19/turn              c - ring of resist corrosion
MPRegen  0.37/turn              (no ring)

@: lethally poisoned (0 -> -4), very slow
A: large, see invisible, deformed body, poison resistance, slowness 2, spit
poison 1, AC +2
a: Spit Poison


You were on level 5 of the Dungeon.
You visited 1 branch of the dungeon, and saw 5 of its levels.

You collected 358 gold pieces.

Inventory:

Armour
 a - a +0 robe (worn)
 e - a cursed +1 pair of gloves (worn)
 r - a +0 cloak (worn)
Jewellery
 c - a ring of resist corrosion (left hand)
 g - an amulet of magic regeneration (around neck)
 n - an uncursed ring of protection from fire
Wands
 h - a wand of acid (4)
Potions
 i - a potion of mutation
 j - 2 potions of curing
 k - a potion of ambrosia
 m - a potion of lignification
 p - a potion of brilliance


   Skills:
 - Level 1.0 Fighting
 - Level 1.5 Dodging
 + Level 5.5 Unarmed Combat
 - Level 2.0 Spellcasting
 * Level 6.9 Transmutations
 - Level 3.0 Poison Magic


You had 6 spell levels left.
You knew the following spells:

 Your Spells              Type           Power        Failure   Level
a - Beastly Appendage     Tmut           ###...       1%          1
b - Spider Form           Tmut/Pois      ###.......   10%         3

Your spell library contained the following spells:

 Spells                   Type           Power        Failure   Level
 Wereblood                Tmut           ###.....     1%          2
 Blade Hands              Tmut           ###.......   36%         5
 Ice Form                 Ice/Tmut       ##......     50%         4


Dungeon Overview and Level Annotations

Branches:
Dungeon (5/15)
 Temple: D:4-7

Altars:
Sif Muna
Zin


Innate Abilities, Weirdness & Mutations

You cannot wear boots.
Your serpentine skin is tough. (AC +2)
You have supernaturally acute eyesight. (SInv)
Armour fits poorly on your strangely shaped body.
Your system is resistant to poisons. (rPois)
You cover ground very slowly.
You can spit poison.


Message History

You aren't carrying any scrolls.
Unknown command.
You feel sick.
Your transformation has ended.
Your +0 cloak unmelds from your body.
Your cursed +1 pair of gloves unmelds from your body.
Your +0 robe unmelds from your body.
You feel sick.
The ufetubus hits you but does no damage.
The ufetubus hits you.
* * * LOW HITPOINT WARNING * * *
The ufetubus hits you but does no damage.
The ufetubus hits you.
* * * LOW HITPOINT WARNING * * *
You see here a robe.
* * * LOW HITPOINT WARNING * * *
You feel sick.
The ufetubus hits you but does no damage.
The ufetubus hits you.
You die...

..........#
.#...........#
.............###
..............#
..........#..# ......#
#.....#..#..# #.....#
#.........#.###.....#
#.........#..##......
#...@5.......##...... .
#.........##..#......
....#.........###.#†.....
..........#####....[..#
.....####.# #.......#
..... #Y# #.......# ....
..# #.......# ... ###
#.......# .## .........#


You could see a sky beast (wandering) and an ufetubus.

Vanquished Creatures
  Sigmund (D:2)
  A sky beast (D:2)
  An ogre (D:4)
  A scorpion (D:4)
  A howler monkey (D:5)
  An orc priest (D:3)
  An orc wizard (D:4)
  Crazy Yiuf (D:4)
  A worker ant (D:5)
  A howler monkey skeleton (D:4)
  3 river rats (D:3)
  6 adders
  An ufetubus (D:5)
  4 oozes
  2 adder skeletons (D:4)
  5 worms (D:3)
  2 dart slugs (D:1)
  3 leopard geckos
  14 orcs
  6 bats
  6 giant cockroaches
  6 goblins
  6 hobgoblins
  7 jackals (D:1)
  A quokka (D:3)
  2 ball pythons (D:3)
  11 frilled lizards
  A jackal zombie (D:3)
  11 kobolds
  12 rats
119 creatures vanquished.

Notes
Turn   | Place    | Note
-------+----------+-------------------------------------------
     0 | D:1      | kae the Naga Transmuter began the quest for the Orb.
     0 | D:1      | Reached XP level 1. HP: 18/18 MP: 3/3
   756 | D:1      | Reached XP level 2. HP: 23/25 MP: 3/5
  1273 | D:1      | Reached skill level 3 in Transmutations
  1294 | D:1      | Reached XP level 3. HP: 18/31 MP: 6/6
  2240 | D:2      | Noticed Sigmund
  2247 | D:1      | Learned a level 3 spell: Spider Form
  2691 | D:2      | Reached XP level 4. HP: 31/38 MP: 7/7
  2868 | D:2      | Found a shimmering blue altar of Sif Muna.
  2879 | D:2      | Noticed a sky beast
  2891 | D:2      | Killed a sky beast
  2891 | D:2      | Reached skill level 4 in Transmutations
  2891 | D:2      | Reached XP level 5. HP: 12/44 MP: 4/8
  3138 | D:2      | Killed Sigmund
  3138 | D:2      | Reached skill level 5 in Transmutations
  3138 | D:2      | Reached XP level 6. HP: 51/51 MP: 5/9
  3876 | D:3      | Found a glowing silver altar of Zin.
  4601 | D:3      | Reached XP level 7. HP: 7/57 MP: 8/10
  5331 | D:4      | Reached skill level 5 in Unarmed Combat
  5331 | D:4      | Reached skill level 6 in Transmutations
  6392 | D:4      | Found a runed translucent door.
  6393 | D:4      | Noticed Crazy Yiuf
  6403 | D:4      | Killed Crazy Yiuf
  6670 | D:5      | Entered Level 5 of the Dungeon
  6724 | D:5      | Slain by an ufetubus

Illustrated notes

Levels and vault maps discovered:
D:1:      erik_arrival_cave_to_civilisation [erik_arrival_cave_to_hall],
          layout_basic
D:2:      minmay_chambers_of_ones, layout_loops_ring, lemuel_round_altar,
          uniq_sigmund
D:3:      minmay_skewed_foursquare, layout_rooms, zin_scriptorium,
          portal_sewer_entry_a
D:4:      layout_cave_pods, uniq_crazy_yiuf_cottage
D:5:      layout_basic

Skill      XL: |  1  2  3  4  5  6  7 |
---------------+----------------------+-----
Transmutations | 3 4 5 6 |  6.9
Unarmed Combat | 4 5 |  5.5
Poison Magic   | 2 3 |  3.0
Fighting       | |  1.0
Dodging        | |  1.5
Spellcasting   | |  2.0

Action                   |  1- 3 |  4- 6 |  7- 9 || total
-------------------------+-------+-------+-------++-------
Melee: Unarmed           |   163 |   140 |    87 ||   390
       Headbutt          |    10 |     3 |       ||    13
       Punch             |       |     1 |       ||     1
 Cast: Beastly Appendage |    19 |    13 |     1 ||    33
       Spider Form       |       |    10 |    16 ||    26
 Abil: Spit Poison       |     9 |       |     1 ||    10
  Use: Potion            |     2 |       |       ||     2
       Scroll            |       |       |    11 ||    11
 Stab: Sleeping          |     1 |     1 |       ||     2
Armor: Robe              |    39 |    30 |    10 ||    79
       Skin              |       |       |     3 ||     3
Dodge: Dodged            |    78 |   100 |    78 ||   256

Table legend: (Time is in decaauts)
 A = Elapsed time spent in this place.
 B = Non-inter-level travel time spent in this place.
 C = Inter-level travel time spent in this place.
 D = Time resting spent in this place.
 E = Time spent auto-exploring this place.
 F = Levels seen in this place.
 G = Mean time per level.
                   A        B        C        D        E       F      G
               +--------+--------+--------+--------+--------+-----+--------+
         Total |   7663 |   7488 |    175 |    559 |   6010 |   5 | 1532.6 |
       Dungeon |   7663 |   7488 |    175 |    559 |   6010 |   5 | 1532.6 |
               +--------+--------+--------+--------+--------+-----+--------+

Top non-repeatable levels by time:
     D:1: 2588 daAuts
     D:4: 1759 daAuts
     D:3: 1713 daAuts
     D:2: 1541 daAuts
     D:5: 60 daAuts
